 Dungeon Crawl Stone Soup version 0.11-a0-2148-g5397867 (console) character file.

1480 vogonpoet the Ducker (level 8, -2/36 HPs)
             Began as a Spriggan Conjurer on June 2, 2012.
             Was a Follower of Vehumet.
             Slain by a merfolk
             ... wielding a +0,+0 spear
              (9 damage)
             ... on Level 7 of the Dungeon on June 4, 2012.
             The game lasted 00:30:24 (6933 turns).

vogonpoet the Ducker (Spriggan Conjurer)            Turns: 6933, Time: 00:30:25

HP  -2/36        AC  2     Str  5      XL: 8   Next: 28%
MP  13/22        EV 11     Int 18      God: Vehumet [*.....]
Gold 314         SH  0     Dex 16      Spells:  1 memorised, 14 levels left

Res.Fire  : . . .   See Invis. : +   k - -1,+0 orc dagger
Res.Cold  : . . .   Warding    : .   a - +0 robe
Life Prot.: . . .   Conserve   : .   (shield restricted)
Res.Poison: .       Res.Corr.  : .   (helmet restricted)
Res.Elec. : .       Clarity    : .   (no cloak)
Sust.Abil.: . .     Spirit.Shd : .   (gloves unavailable)
Res.Mut.  : .       Stasis     : .   (boots unavailable)
Res.Rott. : .       Ctrl.Telep.: .   (no amulet)
Saprovore : . . .   Levitation : .   B - ring of wizardry Ctrl.Flight: .
                                     i - ring of protection from magic

@: held, very quick, very resistant to hostile enchantments, stealthy
A: unfitting armour, see invisible, herbivore 3, speed 3, slow metabolism 3
a: Renounce Religion


You were on level 7 of the Dungeon.
You worshipped Vehumet.
Vehumet was pleased with you.
You were not hungry.

You visited 2 branches of the dungeon, and saw 8 of its levels.

You collected 294 gold pieces.

Inventory:

Hand weapons
 k - a -1,+0 orcish dagger (weapon)
Armour
 a - a +0 robe (worn)
Magical devices
 z - a wand of confusion (9) {unknown}
Comestibles
 b - 2 bread rations
 m - a choko
 o - 4 apples
Scrolls
 c - a scroll of curse weapon {unknown}
 e - 3 scrolls of detect curse {unknown}
 g - 3 scrolls of identify
 h - a scroll of curse armour {unknown}
 j - a scroll of blinking {unknown}
 l - a scroll of random uselessness {unknown}
 s - 2 scrolls of enchant weapon I {unknown}
 t - 2 scrolls of remove curse {unknown}
 v - a scroll of magic mapping {unknown}
 w - a scroll of curse jewellery {unknown}
 x - 3 scrolls of teleportation {unknown}
 y - 2 scrolls of recharging {unknown}
 C - 3 scrolls of amnesia {unknown}
 D - a scroll of fog {unknown}
Jewellery
 i - a ring of protection from magic (left hand)
 A - an uncursed ring of protection from fire
 B - a ring of wizardry (right hand)
 E - a +2 ring of dexterity {unknown}
Potions
 d - a potion of mutation {unknown}
 f - 3 potions of curing
 n - 3 potions of levitation {unknown}
 p - 2 potions of restore abilities {unknown}
 q - a potion of agility {unknown}
 r - 3 potions of brilliance
 u - 2 potions of heal wounds {unknown}


   Skills:
 + Level 7.3 Dodging
 - Level 3.0 Stealth
 - Level 4.3 Spellcasting
 - Level 6.3 Conjurations


You had 14 spell levels left.
You knew the following spells:

 Your Spells              Type           Power        Failure   Level  Hunger
a - Magic Dart            Conj           #####        1%          1    None


Dungeon Overview and Level Annotations

Branches:
Dungeon (7/27)             Temple (1/1) D:5             Orc (0/4) D:7

Altars:
Cheibriados
Elyvilon
Fedhas
Kikubaaqudgha
Makhleb
Nemelex Xobeh
Okawaru
Sif Muna
Trog
Vehumet
the Shining One

Shops:
D:4: (


Innate Abilities, Weirdness & Mutations

You are tiny and cannot use many weapons and most armour.
You have supernaturally acute eyesight.
You are a herbivore.
You cover ground extremely quickly.
You need consume almost no food.


Message History

The merfolk hits you from afar with a spear.
* * * LOW HITPOINT WARNING * * *
Casting: Magic Dart
Confirm with . or Enter, or press ? or * to list all spells.
Aiming: Magic Dart
Press: ? - help, Shift-Dir - straight line, f/p - merfolk
Aim: a merfolk, wielding a spear (severely wounded)
The magic dart hits the merfolk.
The merfolk is severely wounded.
The merfolk hits you from afar with a spear.
* * * LOW HITPOINT WARNING * * *
Casting: Magic Dart
Confirm with . or Enter, or press ? or * to list all spells.
Aiming: Magic Dart
Press: ? - help, Shift-Dir - straight line, f/p - merfolk
Aim: a merfolk, wielding a spear (severely wounded)
The magic dart hits the merfolk.
The merfolk is severely wounded.
The merfolk hits you from afar with a spear!
You die...

# #.......... # #.......... # .
#.......... #
#.###########.......... #
#...................... #
#......................
#######+###.............#########
...(....................#
................@.......#
#######.>....##'####....#
#......#%m #....# #......##.
#....# #......#%. #....#
#......#%. #....# #......###
#....######### #.......#
#.............
#..%....######.............


You could see a merfolk.

Vanquished Creatures
  An orc warrior (D:6)
  An ogre (D:7)
  A centaur (D:7)
  Sigmund (D:6)
  A giant frog (D:6)
  A crimson imp (D:5)
  4 orc priests
  3 hounds
  5 worker ants
  A hound skeleton (D:4)
  3 orc wizards
  A scorpion (D:5)
  A jelly (D:6)
  Jessica (D:2)
  3 gnolls (D:3)
  9 adders
  An iguana zombie (D:6)
  3 worms
  5 giant geckos
  An ooze (D:1)
  15 orcs
  6 giant cockroaches
  7 hobgoblins
  5 quokkas
  3 ball pythons
  14 bats
  2 giant newts
  13 goblins
  10 jackals
  11 kobolds
  2 orc skeletons
  17 rats
  3 toadstools
155 creatures vanquished.

Vanquished Creatures (others)
  5 toadstools
5 creatures vanquished.

Grand Total: 160 creatures vanquished

Notes
Turn   | Place    | Note
--------------------------------------------------------------
     0 | D:1      | vogonpoet, the Spriggan Conjurer, began the quest for the Orb.
     0 | D:1      | Reached XP level 1. HP: 9/9 MP: 4/4
   380 | D:1      | Killed monsters: 0 trivial, 8 easy, 0 tough, 0 nasty; 4 corpses
   380 | D:1      | Reached XP level 2. HP: 11/13 MP: 1/6
   414 | D:1      | Upgraded the game from 0.11-a0-2098-gd3bace7 to 0.11-a0-2148-g5397867
  1413 | D:2      | Killed monsters: 6 trivial, 8 easy, 1 tough, 0 nasty; 7 corpses
  1413 | D:2      | Reached XP level 3. HP: 16/16 MP: 4/9
  1445 | D:2      | Noticed Jessica
  1486 | D:2      | Killed Jessica
  1486 | D:2      | Reached skill level 4 in Conjurations
  1494 | D:2      | Found a bloodstained altar of Trog.
  1690 | D:2      | Found a blossoming altar of Fedhas.
  1939 | D:2      | Killed monsters: 10 trivial, 1 easy, 1 tough, 0 nasty; 3 corpses
  1939 | D:2      | Reached XP level 4. HP: 21/21 MP: 4/12
  2966 | D:4      | Killed monsters: 18 trivial, 5 easy, 1 tough, 0 nasty; 17 corpses
  2966 | D:4      | Reached XP level 5. HP: 24/24 MP: 9/15
  3721 | D:3      | Reached skill level 5 in Conjurations
  3738 | D:3      | Killed monsters: 16 trivial, 1 easy, 3 tough, 0 nasty; 9 corpses
  3738 | D:3      | Reached XP level 6. HP: 28/28 MP: 4/18
  4619 | D:4      | Found Shrann Veoq's Weapon Shop.
  4773 | D:4      | Reached skill level 6 in Conjurations
  4773 | D:4      | Killed monsters: 24 trivial, 4 easy, 6 tough, 0 nasty; 20 corpses
  4773 | D:4      | Reached XP level 7. HP: 24/32 MP: 14/20
  4786 | D:5      | Entered Level 5 of the Dungeon
  4786 | D:5      | Found a sparkling altar of Nemelex Xobeh.
  5112 | D:5      | Found a staircase to the Ecumenical Temple.
  5118 | Temple   | Entered the Ecumenical Temple
  5147 | Temple   | Became a worshipper of Vehumet
  5168 | D:5      | Found a glowing golden altar of the Shining One.
  5480 | D:6      | Noticed Sigmund
  5492 | D:6      | Killed Sigmund
  6203 | D:6      | Acquired Vehumet's first power
  6215 | D:6      | Reached skill level 5 in Dodging
  6377 | D:6      | Killed monsters: 19 trivial, 6 easy, 9 tough, 0 nasty; 18 corpses
  6377 | D:6      | Reached XP level 8. HP: 36/36 MP: 18/22
  6668 | D:7      | Found a white marble altar of Elyvilon.
  6669 | D:7      | Noticed an angel
  6787 | D:7      | Found a staircase to the Orcish Mines.
  6793 | D:7      | Reached skill level 7 in Dodging
  6933 | D:7      | Slain by a merfolk
  6933 | D:7      | Killed monsters: 1 trivial, 2 easy, 2 tough, 0 nasty; 3 corpses
